 Dungeon Crawl Stone Soup version 0.31-a0-237-g2d982f9f85 (webtiles) character file.

Game seed: 3205305177797808627

5597 Pooter the Cleaver (level 10, -4/91 HPs)
             Began as a Minotaur Berserker on July 11, 2023.
             Was an Elder of Trog.
             Slain by a killer bee (8 damage)
             ... on level 9 of the Dungeon.
             The game lasted 00:33:49 (8373 turns).

Pooter the Cleaver (Minotaur Berserker)             Turns: 8373, Time: 00:33:50

Health: -4/91      AC: 10    Str: 26    XL:     10   Next: 45%
Magic:  9/9        EV:  9    Int:  4    God:    Trog [****..]
Gold:   469        SH:  0    Dex: 10    Spells: 9/9 levels left

rFire   + . .        a - +2 war axe
rCold   . . .        (no shield)
rNeg    . . .        q - +1 chain mail {rF+}
rPois   +            (helmet restricted)
rElec   .            (no cloak)
rCorr   .            z - +0 pair of gloves
SInv    .            (no boots)
Will    .....        h - amulet of faith {!P}
Stlth   +            P - ring of poison resistance
HPRegen 0.35/turn    (no ring)
MPRegen 0.11/turn

%: faith
@: mighty, on berserk cooldown, slowed, very slow
A: horns 2, retaliatory headbutt
a: Renounce Religion, Berserk, Trog's Hand, Brothers in Arms


You were on level 9 of the Dungeon.
You worshipped Trog.
Trog was greatly pleased with you.
You visited 1 branch of the dungeon, and saw 9 of its levels.

You collected 469 gold pieces.

Inventory:

Hand Weapons
 a - a +2 war axe (weapon)
   (You took it off a wight on level 9 of the Dungeon)
 b - a +0 orcbow
   (You took it off an orc warrior on level 9 of the Dungeon)
 g - a +2 whip of chaos
   (You found it on level 1 of the Dungeon)
 x - a +1 whip of electrocution
   (You took it off an orc on level 5 of the Dungeon)
 A - a +1 flail of protection
   (You took it off Edmund on level 5 of the Dungeon)
 B - a +1 dire flail of protection
   (You found it on level 8 of the Dungeon)
Missiles
 k - 45 poisoned darts
 r - 14 boomerangs (quivered)
 F - a curare-tipped dart
 Q - 61 stones
Armour
 q - a +1 chain mail of fire resistance (worn)
   (You took it off Edmund on level 5 of the Dungeon)
 z - a +0 pair of gloves (worn)
   (You found it on level 6 of the Dungeon)
Jewellery
 h - an amulet of faith (around neck) {!P}
   (You found it on level 1 of the Dungeon)
 i - a ring of fire
   (You found it on level 7 of the Dungeon)
 E - a +6 ring of intelligence
   (You found it on level 4 of the Dungeon)
 P - a ring of poison resistance (left hand)
   (You found it on level 7 of the Dungeon)
Wands
 f - a wand of flame (10)
   (You found it on level 3 of the Dungeon)
 u - a wand of paralysis (9)
   (You found it on level 8 of the Dungeon)
 y - a wand of roots (8)
   (You found it on level 6 of the Dungeon)
 D - a wand of digging (5)
   (You found it on level 9 of the Dungeon)
 G - a wand of polymorph (4)
   (You found it on level 8 of the Dungeon)
Scrolls
 l - a scroll of vulnerability {!r}
 m - a scroll of immolation {!r}
 o - 2 scrolls of brand weapon
 s - 2 scrolls of fog
Potions
 c - 2 potions of curing {@q1}
 d - 2 potions of attraction {unknown}
 e - a potion of heal wounds {unknown}
 j - 2 potions of enlightenment
 n - a potion of berserk rage {unknown}
 v - 2 potions of lignification {!q}
 w - 4 potions of might
 C - a potion of haste {unknown}
 H - a potion of mutation {unknown}


   Skills:
 + Level 9.2 Fighting
 * Level 12.3 Axes
 * Level 6.4 Ranged Weapons
 - Level 2.4 Armour
 - Level 2.1 Dodging
 - Level 7.1 Stealth


You had 9 spell levels left.
You didn't know any spells.
Your spell library was empty.

Dungeon Overview and Level Annotations

Branches:
Dungeon (9/15) Zot: 26073  Temple (0/1) D:5            Lair (0/5) D:9
    Orc: D:9-12

Altars:
Cheibriados
Fedhas
Qazlal
Trog
Yredelemnul
The Shining One

Annotations:
D:2 1 runed translucent door, Crazy Yiuf
D:9 Maurice


Innate Abilities, Weirdness & Mutations

You have a pair of horns on your head.
You reflexively headbutt those who attack you in melee.


Message History

You feel sick. The killer bee stings you.
* * * LOW HITPOINT WARNING * * *
You are lethally poisoned!
The killer bee poisons you!
Unknown command.
Unknown command.
You feel better. The killer bee barely misses you. You furiously retaliate!
You headbutt the killer bee.
The killer bee stings you but does no damage.
The killer bee barely misses you.
You feel better.
The killer bee stings you but does no damage.
The killer bee stings you.
* * * LOW HITPOINT WARNING * * *
The killer bee stings you.
* * * LOW HITPOINT WARNING * * *
You hit the killer bee. The killer bee stings you.
* * * LOW HITPOINT WARNING * * *
The killer bee barely misses you.
The killer bee stings you but does no damage.
You completely miss the killer bee. Your headbutt misses the killer bee.
The killer bee stings you but does no damage.
The killer bee completely misses you.
Unknown command.
You feel better. The killer bee barely misses you. You furiously retaliate!
You headbutt the killer bee. The killer bee stings you.
* * * LOW HITPOINT WARNING * * *
The killer bee stings you but does no damage.
You feel very mighty all of a sudden. The killer bee stings you.
* * * LOW HITPOINT WARNING * * *
The killer bee stings you but does no damage.
The killer bee barely misses you.
You slice the killer bee!!
You kill the killer bee!
Trog accepts your kill. The killer bee stings you.
* * * LOW HITPOINT WARNING * * *
The killer bee stings you.
* * * LOW HITPOINT WARNING * * *
You slice the killer bee!!
You kill the killer bee!
Trog accepts your kill.
The killer bee stings you but does no damage.
You barely miss the killer bee. You headbutt the killer bee!
The killer bee stings you.
* * * LOW HITPOINT WARNING * * *
The killer bee stings you but does no damage.
The killer bee stings you!
You die...

#.# #.# #.# #.#
#.# #.#
.######y# #
......#@###.#
#.......#.#
#.#####..).....#
#.........######
#.###.....#
#.........#
#####.....#
#.....# #######


You could see a killer bee.

Vanquished Creatures
  2 hornets
  A wyvern (D:8)
  4 yaks (D:8)
  A steam dragon (D:8)
  Grum (D:9)
  Edmund (D:5)
  4 ice beasts
  3 orc warriors
  A black bear (D:5)
  4 ogres
  2 wolves (D:9)
  A centaur (D:9)
  A phantom (D:6)
  3 bullfrogs
  3 kobold brigands
  A gnoll sergeant (D:7)
  3 scorpions (D:4)
  10 wights
  9 killer bees
  6 howler monkeys
  6 hounds
  2 jellies (D:6)
  A gnoll bouda (D:8)
  Terence (D:2)
  Jessica (D:2)
  6 iguanas
  4 orc wizards
  8 gnolls
  7 adders
  A white imp (D:7)
  3 ufetubi
  3 worms
  2 dart slugs (D:5)
  14 orcs
  7 endoplasms
  8 goblins
  9 hobgoblins
  3 jackals (D:4)
  13 kobolds
  A quokka (D:5)
  2 ball pythons
  2 bats (D:2)
  3 frilled lizards
  6 rats
174 creatures vanquished.

Vanquished Creatures (collateral kills)
  A yak (D:9)
  An endoplasm (D:3)
  A kobold (D:3)
3 creatures vanquished.

Grand Total: 177 creatures vanquished

Notes
Turn   | Place    | Note
-------+----------+-------------------------------------------
     0 | D:1      | Pooter the Minotaur Berserker began the quest for the Orb.
     0 | D:1      | Reached XP level 1. HP: 19/19 MP: 0/0
   890 | D:2      | Noticed Jessica
  1013 | D:2      | Reached XP level 2. HP: 21/27 MP: 1/1
  1018 | D:1      | Reached skill level 4 in Axes
  1021 | D:1      | Reached skill level 1 in Stealth
  1111 | D:2      | Killed Jessica
  1112 | D:2      | Reached XP level 3. HP: 33/33 MP: 2/2
  1196 | D:2      | Found a faded altar of an unknown god.
  1232 | D:2      | Noticed Terence
  1239 | D:2      | Killed Terence
  1240 | D:2      | Reached XP level 4. HP: 28/40 MP: 3/3
  1470 | D:2      | Found a runed translucent door.
  1471 | D:2      | Noticed Crazy Yiuf
  1877 | D:3      | Reached ** piety under Trog
  1878 | D:3      | Reached skill level 5 in Axes
  2383 | D:3      | Reached XP level 5. HP: 40/47 MP: 4/4
  2747 | D:4      | Reached XP level 6. HP: 53/55 MP: 5/5
  2993 | D:4      | Reached skill level 5 in Fighting
  2993 | D:4      | Reached skill level 6 in Axes
  3450 | D:5      | Entered Level 5 of the Dungeon
  3626 | D:5      | Found a staircase to the Ecumenical Temple.
  3637 | D:5      | Reached XP level 7. HP: 52/61 MP: 6/6
  3804 | D:5      | Reached skill level 7 in Axes
  3846 | D:5      | Noticed Edmund
  3917 | D:5      | Killed Edmund
  4623 | D:6      | Reached skill level 5 in Stealth
  4723 | D:6      | Reached skill level 8 in Axes
  4723 | D:6      | Reached XP level 8. HP: 44/70 MP: 7/7
  5087 | D:6      | Reached *** piety under Trog
  5684 | D:6      | Reached skill level 9 in Axes
  5971 | D:7      | Reached XP level 9. HP: 79/79 MP: 8/8
  6349 | D:7      | Reached skill level 10 in Axes
  6573 | D:7      | Reached skill level 1 in Ranged Weapons
  6691 | D:8      | Found a blossoming altar of Fedhas.
  6694 | D:8      | Found a basalt altar of Yredelemnul.
  6694 | D:8      | Found a snail-covered altar of Cheibriados.
  6695 | D:8      | Found a stormy altar of Qazlal.
  6697 | D:8      | Found a glowing golden altar of the Shining One.
  6697 | D:8      | Found a bloodstained altar of Trog.
  6751 | D:8      | Reached skill level 11 in Axes
  6948 | D:8      | Reached XP level 10. HP: 65/90 MP: 9/9
  7508 | D:9      | Reached skill level 5 in Ranged Weapons
  7550 | D:9      | Paralysed by a hornet for 1 turns
  8128 | D:9      | Noticed Grum
  8143 | D:9      | Killed Grum
  8148 | D:9      | Reached skill level 12 in Axes
  8313 | D:9      | Noticed a death yak
  8313 | D:9      | Noticed a death yak
  8313 | D:9      | Noticed a death yak
  8313 | D:9      | Noticed a death yak
  8313 | D:9      | Noticed a two-headed ogre
  8313 | D:9      | Noticed a death yak
  8314 | D:9      | Noticed a death yak
  8340 | D:9      | Noticed Maurice
  8346 | D:9      | Found a staircase to the Lair.
  8346 | D:9      | Noticed a death yak
  8364 | D:9      | Reached **** piety under Trog
  8364 | D:9      | HP: 4/91 [poisoned by a killer bee]
  8373 | D:9      | HP: 4/91 [killer bee (4)]
  8373 | D:9      | Slain by a killer bee

Illustrated notes

Levels and vault maps discovered:
D:1:      mushboom_english_gardens, layout_loops_ring, serial_forest,
          infiniplex_forest_lined_ring, infiniplex_forest_lined_2,
          infiniplex_forest_straight_3, infiniplex_forest_clump_long,
          infiniplex_forest_side_room, infiniplex_forest_corner_1
D:2:      layout_rooms, ebering_ecumenical_altar_petrified, uniq_terence,
          uniq_jessica, uniq_crazy_yiuf_cottage
D:3:      layout_basic, chequers_serial_rivers_room_b
D:4:      layout_loops_cross
D:5:      layout_basic, minmay_temple_entry_stoned_glass,
          minmay_misc_feat_plants, grunt_decor_one_mirror, minmay_hedge_maze,
          dreamdust_wishing_well, kennysheep_nub, st_stairs_10,
          lightli_corner_chamber, uniq_edmund
D:6:      layout_basic
D:7:      layout_cave_pools
D:8:      layout_cave_pods, grunt_temple_overflow_open, minmay_misc_feat_x
D:9:      layout_loops_ring, dpeg_lair_monsters,
          kennysheep_orc_monster_closet_entryway, uniq_grum, uniq_maurice

Skill      XL: |  1  2  3  4  5  6  7  8  9 10 |
---------------+-------------------------------+-----
Axes           | 4 5 6 8 9 11 12 | 12.3
Stealth        | 1 2 3 4 5 6 7 |  7.1
Fighting       | 4 5 6 7 8 9 |  9.2
Ranged Weapons | 4 6 |  6.4
Armour         | |  2.4
Dodging        | |  2.1

Action                     |  1- 3 |  4- 6 |  7- 9 | 10-12 || total
---------------------------+-------+-------+-------+-------++-------
  Melee: Hand axe          |   199 |    21 |       |       ||   220
         Headbutt          |    54 |    24 |    49 |    18 ||   145
         Punch             |     5 |       |     2 |       ||     7
         Whip              |       |   122 |    47 |       ||   169
         Flail             |       |       |    31 |       ||    31
         War axe           |       |       |   107 |    67 ||   174
         Dire flail        |       |       |    39 |    15 ||    54
   Fire: Orcbow            |       |       |       |     7 ||     7
         Sling             |       |       |       |     3 ||     3
  Throw: Boomerang         |     1 |       |       |     3 ||     4
         Dart              |     2 |     2 |    12 |     8 ||    24
 Invoke: Berserk           |     3 |     1 |     8 |     4 ||    16
         Trog's Hand       |       |       |     5 |     4 ||     9
    Use: Scroll            |       |     8 |     5 |     9 ||    22
         Potion            |       |       |     1 |     4 ||     5
   Stab: Petrifying        |       |       |     1 |       ||     1
 Armour: Animal skin       |    10 |       |       |       ||    10
         Chain mail        |       |    57 |   100 |    54 ||   211
         Scale mail        |       |     4 |       |       ||     4
  Dodge: Dodged            |    31 |    55 |   112 |    50 ||   248

Table legend: (Time is in decaauts)
 A = Elapsed time spent in this place.
 B = Non-inter-level travel time spent in this place.
 C = Inter-level travel time spent in this place.
 D = Time resting spent in this place.
 E = Time spent auto-exploring this place.
 F = Levels seen in this place.
 G = Mean time per level.
                   A        B        C        D        E       F      G
               +--------+--------+--------+--------+--------+-----+--------+
         Total |   8522 |   8277 |    245 |   1644 |   5051 |   9 |  946.9 |
       Dungeon |   8522 |   8277 |    245 |   1644 |   5051 |   9 |  946.9 |
               +--------+--------+--------+--------+--------+-----+--------+

Top non-repeatable levels by time:
     D:6: 1357 daAuts
     D:1: 1141 daAuts
     D:5: 1056 daAuts
     D:4: 940 daAuts
     D:9: 925 daAuts
     D:8: 854 daAuts
     D:3: 822 daAuts
     D:7: 772 daAuts
     D:2: 652 daAuts
